 Dungeon Crawl Stone Soup version 0.24-a0-725-gf1a930fc54 (webtiles) character file.

Game seed: 11362359661032546200, levelgen mode: deterministic

807 Kohma the Agent of Entropy (level 7, -2/52 HPs)
             Began as a Demonspawn Abyssal Knight on Oct 1, 2019.
             Was a Priest of Lugonu.
             Slain by a wyvern (12 damage)
             ... on level 5 of the Dungeon.
             The game lasted 00:14:47 (4135 turns).

Kohma the Agent of Entropy (DsAK)                   Turns: 4135, Time: 00:14:48

Health: -2/52      AC: 16    Str: 15    XL:     7   Next: 60%
Magic:  11/11      EV:  9    Int: 13    God:    Lugonu [***...]
Gold:   152        SH:  5    Dex: 17    Spells: 6/6 levels left

rFire    . . .     SeeInvis .   h - +1 short sword (venom)
rCold    . . .     Gourm    .   o - +0 buckler
rNeg     . . .     Faith    .   m - +0 plate armour
rPois    +         Spirit   .   (no helmet)
rElec    .         Reflect  .   w - +2 cloak
rCorr    .         Harm     .   u - +0 pair of gloves
MR       +....                  b - +0 pair of boots
Stlth    ..........             (no amulet)
HPRegen  0.17/turn              j - ring of poison resistance
MPRegen  0.12/turn              f - ring of protection from magic

@: agile
A: claws 1, powered by death 1, powered by pain 2
a: Depart the Abyss, Bend Space, Banish, Renounce Religion


You were on level 5 of the Dungeon.
You worshipped Lugonu.
Lugonu was most pleased with you.
You were not hungry.

You visited 1 branch of the dungeon, and saw 7 of its levels.
You visited the Abyss 1 time.

You collected 152 gold pieces.

Inventory:

Hand Weapons
 a - a +1 falchion
 h - a +1 short sword of venom (weapon)
Missiles
 d - 83 stones
 y - 10 boomerangs (quivered)
Armour
 b - a +0 pair of boots (worn)
 m - a +0 plate armour (worn)
 o - a +0 buckler (worn)
 u - a +0 pair of gloves (worn)
 w - a +2 cloak (worn)
 C - a +0 scale mail
 F - a +0 leather armour of cold resistance
Jewellery
 f - a ring of protection from magic (right hand)
 j - a ring of poison resistance (left hand)
 D - an uncursed amulet of rage {unknown}
Wands
 A - a wand of random effects (21)
 B - a wand of paralysis (6)
Scrolls
 e - a scroll of remove curse
 k - 2 scrolls of magic mapping
 l - 3 scrolls of fear {unknown}
 t - a scroll of teleportation
 z - 4 scrolls of identify
 E - a scroll of enchant weapon {unknown}
Potions
 g - a potion of lignification {unknown}
 i - 2 potions of curing
 n - a potion of degeneration {unknown}
 p - 2 potions of heal wounds {unknown}
 r - 2 potions of brilliance {unknown}
 s - 2 potions of haste {unknown}
 v - 2 potions of flight
 x - a potion of ambrosia {unknown}
Comestibles
 c - 6 rations
 q - 4 chunks of flesh


   Skills:
 - Level 3.3 Fighting
 * Level 5.7 Long Blades
 - Level 1.7 Armour
 - Level 0.8 Dodging
 + Level 3.3 Shields
 + Level 6.0 Invocations


You had 6 spell levels left.
You didn't know any spells.
Your spell library contained the following spells:

 Spells                   Type           Power        Failure   Level  Hunger
 Confusing Touch          Hex            #.....       100%        1    ##.....
 Confuse                  Hex            #.......     100%        3    ####...
 Gell's Gravitas          Tloc           #.........   100%        3    ####...
 Petrify                  Tmut/Erth      #.......     100%        4    #####..
 Metabolic Englaciation   Hex/Ice        #.........   100%        5    ######.
 Yara's Violent Unravell  Hex/Tmut       #.........   100%        5    ######.


Dungeon Overview and Level Annotations

Branches:
Dungeon (7/15)
 Temple: D:4-7

Altars:
Kikubaaqudgha

Shops:
D:5 [


Innate Abilities, Weirdness & Mutations

You have sharp fingernails.
You regenerate a little health from kills.
You sometimes gain power by taking damage.


Message History

The wyvern hisses angrily.
You block the wyvern's attack.
You hit the wyvern but do no damage.
The wyvern is poisoned.
The wyvern bites you!
Your plate armour prevents you from hitting the wyvern.
The wyvern is lightly wounded.
You block the wyvern's attack. The wyvern bites you!
You hit the wyvern.
The wyvern looks as sick as possible!
The wyvern is moderately wounded.
The wyvern bites you.
You barely miss the wyvern.
The wyvern is moderately wounded.
The wyvern bites you!
* * * LOW HITPOINT WARNING * * *
You focus on the pain.
You feel agile all of a sudden.
Your plate armour prevents you from hitting the wyvern.
The wyvern is moderately wounded.
The wyvern misses you. The wyvern bites you!
You die...

######..##.####.###...# *****
...........# #.#.....# *,,,**
#######....#***,#.#...# *,*,,* #
####.#*,,,#.#######*,**,* #
*.#*,**#.#,,....,,**,***
##########..,,,<#.#,.....****,,**
..##.....########.#......* **,**
..##.....#...............* **,,
..##.....#.###..@........* *,,
.........#,* #.l.........* ***
.........#,**#...........* *
........##,,.....%..?....* *
##......#*,.$......##.###* ******
#......##......####*.# *,,,*,
##......##......*,,,,,# *,*,**
.#......##......*,***** *,*,*
.#......####.#***,* *,*,*


You could see a wyvern.

Vanquished Creatures
  An ice beast (D:5)
  2 ogres
  A bullfrog (D:6)
  A scorpion (D:6)
  2 howler monkeys (D:4)
  2 jellies
  2 orc priests
  3 worker ants (D:4)
  A hound skeleton (D:6)
  5 adders
  3 oozes
  4 dart slugs
  2 leopard geckos
  12 orcs
  3 giant cockroaches (D:3)
  3 hobgoblins
  10 jackals
  5 quokkas
  A ball python (D:4)
  5 bats
  6 frilled lizards
  A giant cockroach zombie (D:5)
  8 kobolds
  A quokka skeleton (D:4)
  6 rats
90 creatures vanquished.

Notes
Turn   | Place    | Note
-------+----------+-------------------------------------------
     0 | Abyss:1  | Kohma the Demonspawn Abyssal Knight began the quest for the
                  | Orb.
     0 | Abyss:1  | Reached XP level 1. HP: 18/18 MP: 2/2
    72 | D:1      | Escaped the Abyss
    83 | D:1      | You fall into a shaft and drop 1 floor!
   100 | D:2      | Gained mutation: You sometimes gain a little power by
                  | taking damage. [demonic ancestry]
   100 | D:2      | Reached XP level 2. HP: 18/24 MP: 4/4
   224 | D:2      | Reached skill level 3 in Invocations
   587 | D:2      | Gained mutation: You sometimes gain power by taking damage.
                  | [demonic ancestry]
   587 | D:2      | Reached XP level 3. HP: 26/29 MP: 5/5
   932 | D:2      | Reached ** piety under Lugonu
  1309 | D:3      | Gained mutation: You have sharp fingernails. [demonic
                  | ancestry]
  1309 | D:3      | Reached XP level 4. HP: 27/35 MP: 6/6
  1602 | D:3      | Found an ancient bone altar of Kikubaaqudgha.
  1947 | D:4      | Reached skill level 1 in Shields
  1950 | D:4      | Reached skill level 4 in Invocations
  1950 | D:4      | Reached XP level 5. HP: 33/41 MP: 6/8
  2529 | D:4      | Gained mutation: You regenerate a little health from kills.
                  | [demonic ancestry]
  2529 | D:4      | Reached XP level 6. HP: 22/47 MP: 9/9
  2905 | D:4      | You fall into a shaft and drop 3 floors!
  3002 | D:6      | Reached skill level 5 in Invocations
  3057 | D:6      | Reached *** piety under Lugonu
  3104 | D:6      | Reached skill level 5 in Long Blades
  3104 | D:6      | Reached XP level 7. HP: 51/52 MP: 9/11
  3355 | D:5      | Entered Level 5 of the Dungeon
  3667 | D:5      | Reached skill level 6 in Invocations
  4033 | D:5      | Found Soetato's Antique Armour Boutique.
  4128 | D:5      | Noticed a wyvern
  4135 | D:5      | Slain by a wyvern

Levels and vault maps discovered:
D:1:      sevenhm_arrival_forest_fort_large_2, layout_basic,
          minmay_small_reverse_x
D:2:      layout_rooms
D:3:      layout_loops_corners, kiku_gazebo_pond_becter
D:4:      layout_loops_ring, small_statue_intersection
D:5:      old_forge, layout_basic, serial_shops, nicolae_shop_statue_plus,
          first_ration
D:6:      layout_basic, grunt_dithmenos_shadows
D:7:      layout_loops_ring, minmay_temple_entry_grid, kennysheep_generic_room_4

Skill      XL: |  1  2  3  4  5  6  7 |
---------------+----------------------+-----
Long Blades    | 2 3 4 5 |  5.7
Invocations    | 3 4 5 6 |  6.0
Shields        | 1 2 3 |  3.3
Fighting       | |  3.3
Armour         | |  1.7
Dodging        | |  0.8

Action                   |  1- 3 |  4- 6 |  7- 9 || total
-------------------------+-------+-------+-------++-------
Melee: Falchion          |    32 |       |       ||    32
       Short sword       |    54 |   157 |    82 ||   293
Throw: Stone             |     9 |       |       ||     9
       Boomerang         |       |       |     6 ||     6
Invok: Bend Space        |       |       |     1 ||     1
  Use: Scroll            |       |     8 |     1 ||     9
       Potion            |       |       |     1 ||     1
  Eat: Chunk             |     1 |     6 |     1 ||     8
       Ration            |       |       |     1 ||     1
Armor: Leather armour    |    14 |       |       ||    14
       Ring mail         |     9 |    58 |     2 ||    69
       Plate armour      |       |       |    27 ||    27
       Scale mail        |       |       |    13 ||    13
Dodge: Dodged            |    49 |    77 |    28 ||   154
Block: Buckler           |     4 |    18 |    21 ||    43
       Rpst.: Falchion   |    10 |       |       ||    10

Table legend:
 A = Non-vault XP
 B = Vault XP
 C = Vault XP percentage of total XP
 D = Non-vault monster count
 E = Vault monster count
 F = Vault count percentage of total count
                 A         B        C        D         E       F
            +---------+---------+-------+---------+---------+-------
      Total |    1153 |       0 |   0.0 |      90 |       0 |   0.0
            +---------+---------+-------+---------+---------+-------
        D:2 |      78 |       0 |   0.0 |      25 |       0 |   0.0
        D:3 |      33 |       0 |   0.0 |      21 |       0 |   0.0
        D:4 |     429 |       0 |   0.0 |      21 |       0 |   0.0
        D:5 |     211 |       0 |   0.0 |      11 |       0 |   0.0
        D:6 |     402 |       0 |   0.0 |      12 |       0 |   0.0
            +---------+---------+-------+---------+---------+-------
